cohdb
Replays
Latest Replays
All Replays
Popular Replays
Top Player Replays
Match Explorer
How It Works
Community
CoH3 Stats
Reddit
Sign in to upload your games and track your stats! →
Sign in with Steam
Match 41856428
Unlisted
Match 41856428
Overview
Messages
Build Orders
End
Selects Terror Battlegroup
Construct Infanterie Kompanie
Selects Machine Gun Camouflage
MG 42 Machine Gun Team
Grenadier Squad
Grenadier Squad
Grenadier Squad
Construct Luftwaffe Kompanie
Selects Contempt for the Weak
Jäger Squad
Support Elements
Wirbelwind Flakpanzer
Pioneer Squad
Wirbelwind Flakpanzer
Wirbelwind Flakpanzer
Jäger Squad
Wirbelwind Flakpanzer
Luftwaffe Officer Quarters
Howdy?
(๑>◡<๑)
J
Gukbae
King_Bird
Random_Target
just a chill world leader ♡
Turtleboy
0
0
Comments
sign in to comment!
No comments posted yet!